Map: Berlingrad LE

Players

CheekiBreeki - Winner!

  • Race: Zerg Zerg
  • League: Silver

ZestyKing

  • Race: Terran Terran
  • League: Bronze

VOD

Have the link to the VOD?

Description

im just learning how to use the platform and stuff, just keep that in mind lol

Time

  • Played on: Dec. 10, 2021, 12:51 a.m.
  • Length: 8:28
Show
View Real Time Build Order
Export as new Build Order

CheekiBreeki Zerg - Winner!

Build Orders: Pool First 

Get SALT Encoding   

  12  0:01  Drone  
  13  0:13  Overlord  
  13  0:17  Drone  
  14  0:39  Drone  
  14  0:40  Spawning Pool  
  14  0:43  Drone  
  15  1:06  Drone x3  
  18  1:14  Extractor  
  17  1:31  Zergling x4  
  19  1:35  Hatchery  
  18  1:44  Drone  
  19  1:57  Zergling x2  
  20  2:01  Drone  
  21  2:12  Queen, Roach Warren  
  22  2:15  Overlord  
  22  2:34  Zergling x2  
  22  2:36  Zergling x2  
  24  2:43  Drone  
  25  2:52  Roach  
  25  2:54  Roach  
  29  3:00  Overlord  
  29  3:11  Overlord  
  29  3:13  Overlord  
  29  3:19  Roach  
  31  3:21  Roach  
  31  3:22  Roach  
  31  3:24  Zergling x2  
  31  3:26  Overlord  
  36  3:33  Drone x2  
  38  3:40  Drone  
  39  3:45  Drone  
  40  3:51  Drone  
  40  3:52  Drone  
  42  4:03  Hatchery  
  41  4:13  Drone x2  
  41  4:14  Drone x4  
  47  4:19  Overlord  
  47  4:28  Drone x2  
  49  4:32  Queen  
  51  4:44  Roach x3  
  57  4:45  Zergling x2  
  57  4:47  Zergling x2  
  57  4:51  Drone  
  60  4:53  Drone  
  61  5:05  Roach x2  
  65  5:11  Extractor  
  64  5:15  Roach x4  
  64  5:16  Roach  
  74  5:27  Lair  
  74  5:30  Overlord  
  74  5:38  Evolution Chamber  
  73  5:51  Roach x3  
  73  5:52  Roach, Overlord x2  
  73  5:53  Overlord x2  
  73  5:55  Zergling x2  
  82  6:04  Overlord  
  82  6:10  Zerg Missile Weapons Level 1  
  82  6:13  Roach x2  
  82  6:14  Roach  
  82  6:17  Roach  
  90  6:39  Glial Reconstitution  
  90  6:41  Zergling x2  
  90  6:42  Zergling x14  
  98  6:54  Roach  
  98  6:55  Roach x2  
Show
View Real Time Build Order
Export as new Build Order

ZestyKing Terran 

Build Orders:  

Get SALT Encoding   

  12  0:04  SCV  
  13  0:21  Supply Depot  
  13  0:51  Barracks  
  13  0:54  SCV  
  14  1:06  SCV  
  15  1:12  Refinery  
  15  1:18  SCV  
  16  1:30  SCV  
  17  1:41  Refinery  
  17  1:42  SCV  
  18  1:54  SCV  
  19  2:01  Supply Depot  
  19  2:02  Marine  
  19  2:07  SCV  
  21  2:18  Command Center  
  21  2:19  SCV  
  22  2:28  Factory  
  22  2:30  Marine  
  22  2:31  SCV  
  24  2:43  SCV  
  25  2:48  Marine  
  26  2:55  SCV  
  27  3:06  Marine  
  27  3:07  SCV  
  29  3:32  Barracks Reactor  
  29  3:39  Factory Tech Lab  
  29  3:44  Starport  
  29  4:11  Marine x2  
  29  4:15  Siege Tank  
  34  4:18  SCV  
  35  4:29  Marine x2  
  35  4:30  SCV  
  38  4:31  Refinery  
  38  4:32  SCV, Bunker  
  39  4:42  SCV  
  39  4:44  SCV  
  41  4:47  Starport  
  41  4:51  Starport Tech Lab, Fusion Core  
  41  4:54  SCV  
  41  4:56  Siege Tank, SCV  
  46  5:17  Bunker  
  46  5:26  Orbital Command  
  46  5:30  Engineering Bay  
  46  5:36  Starport Tech Lab  
  46  5:37  Supply Depot  
  46  5:40  Weapon Refit  
  46  5:55  Barracks  
  46  5:58  SCV  
  46  6:04  Supply Depot x2  
  47  6:10  SCV  
  48  6:12  Supply Depot  
  48  6:19  Terran Infantry Weapons Level 1  
  48  6:33  Armory  
  48  6:36  Missile Turret  
  48  6:46  Bunker  
  48  7:17  Missile Turret  
  48  7:23  Battlecruiser  
  60  7:34  Missile Turret  
Tags
 
Add a new tag
Caveats
  • Supply blocks, unpowered buildings, or Contaminate may cause inaccurate times.
  • Supply counts are checked every 10 seconds.